 Dungeon Crawl Stone Soup version 0.30.0-20-g3615ddf2f0 (webtiles) character file.

Game seed: 6340537268533546252

20631 qw the Cleaver (level 12, -1/76 HPs)
             Began as a Gargoyle Fighter on May 28, 2023.
             Was an Elder of Okawaru.
             Slain by an eight-headed hydra (7 damage)
             ... on level 3 of the Lair of Beasts.
             The game lasted 00:05:47 (11070 turns).

qw the Cleaver (Gargoyle Fighter)                  Turns: 11070, Time: 00:05:48

Health: -1/76      AC: 33    Str: 24    XL:     12   Next: 81%
Magic:  19/19      EV:  8    Int: 15    God:    Okawaru [****..]
Gold:   699        SH: 12    Dex:  9    Spells: 11/11 levels left

rFire   . . .        c - +3 flail
rCold   + . .        l - +0 kite shield
rNeg    + . .        m - +0 plate armour
rPois   inf          k - +1 hat {Will+}
rElec   +            i - +0 cloak "Surat" {Int+5}
rCorr   .            j - +1 pair of gloves
SInv    .            q - +2 pair of boots
Will    +....        n - amulet of regeneration Stlth
                     r - ring of protection from cold
HPRegen 1.12/turn    (no ring)
MPRegen 0.16/turn

%: no passive effects
@: about to teleport, heroic
A: sickness immunity, AC +8, negative energy resistance 1, electricity
resistance, torment resistance 1, petrification resistance
a: Renounce Religion, Heroism, Finesse


You were on level 3 of the Lair of Beasts.
You worshipped Okawaru.
Okawaru was greatly pleased with you.
You visited 2 branches of the dungeon, and saw 13 of its levels.

You collected 699 gold pieces.


Innate Abilities, Weirdness & Mutations

You are immune to sickness and miasma.
Your stone body is resilient. (AC +8)
You are immune to poison.
You resist negative energy. (rN+)
You are resistant to electric shocks. (rElec)
You are resistant to unholy torment.
You are immune to petrification.


   Skills:
 - Level 9.1(14.1) Fighting
 + Level 11.9(16.9) Axes
 - Level 3.1(8.1) Throwing
 - Level 8.1(13.1) Armour
 - Level 1.1(6.1) Dodging
 - Level 10.1(15.1) Shields
 - Level 10.0 Invocations


You had 11 spell levels left.
You didn't know any spells.
Your spell library was empty.

Inventory:

Hand Weapons
 c - a +3 flail (weapon)
 Y - a +4 war axe of freezing
Missiles
 s - 9 boomerangs (quivered)
Armour
 i - the +0 cloak "Surat" (worn) {Int+5}
   (You acquired it on level 9 of the Dungeon)

   Int:       It affects your intelligence (+5).
 j - a +1 pair of gloves (worn)
 k - a +1 hat of willpower (worn)
 l - a +0 kite shield (worn)
 m - a +0 plate armour (worn)
 q - a +2 pair of boots (worn)
 t - a +0 helmet
Jewellery
 n - an amulet of regeneration (around neck)
 r - a ring of protection from cold (left hand)
Wands
 v - a wand of digging (4)
Scrolls
 g - 4 scrolls of identify
 p - 3 scrolls of teleportation
Potions
 a - 3 potions of curing
 b - 2 potions of lignification
 d - 4 potions of might
 e - a potion of attraction
 f - a potion of resistance
 h - a potion of haste
 o - a potion of cancellation
 u - 3 potions of mutation

Dungeon Overview and Level Annotations

Branches:
Dungeon (10/15)            Temple (0/1) D:5            Lair (3/5) D:10
  Snake (0/4) Lair:2          Orc (0/2) D:9
  Swamp: Lair:2-3    Shoals: Lair:2-3

Altars:
Dithmenos
Elyvilon
Gozag
Hepliaklqana
Makhleb
Okawaru
Qazlal
Sif Muna
Uskayaw
Xom
Yredelemnul
Zin

Annotations:
D:3 3 runed translucent doors, qw's ghost, amateur GrCA
Lair:2 1 runed translucent door, qw's ghost, journeyman GrFi


Message History

As you read the scroll of teleportation, it crumbles to dust.
You feel strangely unstable.
The swamp worm bites you but does no damage.
You block the eight-headed hydra's attack. x2
The eight-headed hydra bites you but does no damage.
You block the eight-headed hydra's attack.
The eight-headed hydra closely misses you.
The eight-headed hydra bites you but does no damage.
The eight-headed hydra completely misses you.
The eight-headed hydra bites you but does no damage.
The iguana hisses menacingly.
You block the swamp worm's attack.
11067 ||| DRINKING potion of heal wounds.
You feel much better.
You block the eight-headed hydra's attack.
The eight-headed hydra bites you but does no damage.
The eight-headed hydra bites you! The eight-headed hydra bites you.
You block the eight-headed hydra's attack.
The eight-headed hydra bites you but does no damage.
The eight-headed hydra closely misses you.
The eight-headed hydra bites you. The swamp worm barely misses you.
You barely miss the eight-headed hydra.
The eight-headed hydra is heavily wounded.
You block the iguana's attack. You block the swamp worm's attack.
The eight-headed hydra bites you but does no damage.
You block the eight-headed hydra's attack. x2
The eight-headed hydra bites you but does no damage.
You block the eight-headed hydra's attack. x2
The eight-headed hydra bites you but does no damage.
You block the eight-headed hydra's attack.
You hit the eight-headed hydra.
The eight-headed hydra is heavily wounded.
The iguana splashes around in the water.
The swamp worm bites you but does no damage.
You sock the eight-headed hydra!
The eight-headed hydra is severely wounded.
You block the eight-headed hydra's attack.
The eight-headed hydra bites you! The eight-headed hydra bites you.
The eight-headed hydra bites you!
You die...

#.......#
7...7..7#.###.....##
#....7.7777
77.77777#####.....##
##P##777
..77777~~~7###.#......#
##7
¤¤¤¤7~~~~77....P....##
¤¤¤7~~~~7..........#
7.7~~~~7...........P
7..~~~~7............
7.wDl~~7..#..##PP...
7.@~~.%%.#### ###..
77.7~...## .. 7777.7##


777 You could see an eight-headed hydra, a swamp worm and an iguana.

Vanquished Creatures
  Gastronok (Lair:1)
  Harold (D:9)
  A two-headed ogre (D:10)
  A boulder beetle (Lair:2)
  Sonja (Lair:2)
  9 elephants (Lair:3)
  A guardian serpent (Lair:2)
  6 cane toads
  6 komodo dragons
  11 blink frogs (Lair:2)
  Sigmund (D:6)
  A wraith (D:10)
  3 wyverns
  16 yaks
  A steam dragon (D:8)
  Grum (D:8)
  3 chaos spawn (D:10)
  2 wargs (D:10)
  2 swamp worms (Lair:3)
  5 water moccasins
  6 orc warriors
  A black bear (Lair:3)
  3 wolves (D:8)
  6 centaurs
  A kobold brigand (D:9)
  7 bullfrogs
  3 gnoll sergeants
  A scorpion (D:6)
  12 wights
  2 howler monkeys (D:9)
  A hound (D:4)
  10 orc priests
  An iguana (D:7)
  2 sleepcaps
  Natasha (twice) (D:2)
  18 orc wizards
  19 gnolls
  7 adders
  3 white imps (D:5)
  2 worms
  A dart slug (D:3)
  40 orcs
  3 bats
  11 endoplasms
  4 giant cockroaches
  8 goblins
  8 hobgoblins
  13 kobolds
  3 quokkas
  6 ball pythons
  A frilled lizard (D:1)
  9 rats
287 creatures vanquished.

Notes
Turn   | Place    | Note
-------+----------+-------------------------------------------
     0 | D:1      | qw the Gargoyle Fighter began the quest for the Orb.
     0 | D:1      | Reached XP level 1. HP: 14/14 MP: 1/1
     0 | D:1      | 0 ||| qw: Version: 0.2-a-100-g4e38944
     0 | D:1      | 0 ||| qw: Game counter: 219
     0 | D:1      | 0 ||| qw: Always use a shield: true
     0 | D:1      | 0 ||| qw: God list: Okawaru
     0 | D:1      | 0 ||| qw: Allow faded altars: false
     0 | D:1      | 0 ||| qw: Do Orc after D:15 true
     0 | D:1      | 0 ||| qw: Do second Lair branch before Depths: true
     0 | D:1      | 0 ||| qw: Lair rune preference: random
     0 | D:1      | 0 ||| qw: Plans: Normal, Zot:1-4, God:TSO, Crypt, Tomb,
                  | Pan, Slime:5, Hells, Abyss, Win
     0 | D:1      | 0 ||| PLANNING D:1-11
   168 | D:1      | Reached skill level 2 in Axes
   216 | D:1      | 216 ||| Stepping ~*~*~tactically~*~*~ (hiding).
   217 | D:1      | 217 ||| Stepping ~*~*~tactically~*~*~ (hiding).
   218 | D:1      | 218 ||| Stepping ~*~*~tactically~*~*~ (hiding).
   361 | D:1      | Reached XP level 2. HP: 19/19 MP: 2/2
   361 | D:1      | 361 ||| Stepping ~*~*~tactically~*~*~ (hiding).
   632 | D:1      | Reached skill level 3 in Axes
   809 | D:1      | Reached XP level 3. HP: 23/23 MP: 3/3
  1076 | D:1      | 1076 ||| READING scroll labelled IDEUME BOKHUSE.
  1108 | D:2      | 1108 ||| Stepping ~*~*~tactically~*~*~ (stealth).
  1159 | D:2      | 1159 ||| Stepping ~*~*~tactically~*~*~ (stealth).
  1160 | D:2      | 1160 ||| Stepping ~*~*~tactically~*~*~ (stealth).
  1165 | D:2      | 1165 ||| Stepping ~*~*~tactically~*~*~ (hiding).
  1166 | D:2      | 1166 ||| Stepping ~*~*~tactically~*~*~ (hiding).
  1167 | D:2      | 1167 ||| Stepping ~*~*~tactically~*~*~ (hiding).
  1169 | D:2      | 1169 ||| Stepping ~*~*~tactically~*~*~ (hiding).
  1358 | D:2      | Reached XP level 4. HP: 26/28 MP: 4/4
  1725 | D:2      | Noticed Natasha
  1730 | D:2      | Killed Natasha
  1731 | D:2      | Reached skill level 4 in Axes
  1781 | D:2      | Noticed Natasha
  1782 | D:2      | 1782 ||| Stepping ~*~*~tactically~*~*~ (hiding).
  1789 | D:2      | Killed Natasha
  1790 | D:2      | Reached XP level 5. HP: 30/32 MP: 5/5
  1914 | D:2      | 1914 ||| UPGRADING to +0 chain mail.
  1924 | D:2      | 1924 ||| DROPPING +0 scale mail.
  1925 | D:2      | 1925 ||| UPGRADING to +0 kite shield.
  1935 | D:2      | 1935 ||| DROPPING +0 buckler.
  1936 | D:2      | 1936 ||| READING scroll labelled CAGROR NEYSU.
  1937 | D:2      | 1937 ||| READING scroll labelled VAMUCOUGEMM.
  1938 | D:2      | 1938 ||| READING scroll labelled CYNARO CUSOE.
  1939 | D:2      | 1939 ||| DROPPING +0 flail.
  1940 | D:2      | 1940 ||| DRINKING 3 fizzy pink potions.
  1941 | D:2      | 1941 ||| DRINKING 2 lumpy inky potions.
  2317 | D:3      | Found a runed translucent gate.
  2319 | D:3      | Found a runed translucent gate.
  2320 | D:3      | Found a runed translucent gate.
  2322 | D:3      | Noticed qw's ghost (amateur GrCA)
  2372 | D:3      | 2372 ||| Stepping ~*~*~tactically~*~*~ (stealth).
  2383 | D:3      | 2383 ||| Stepping ~*~*~tactically~*~*~ (stealth).
  2393 | D:3      | 2393 ||| Stepping ~*~*~tactically~*~*~ (stealth).
  2576 | D:3      | 2576 ||| READING scroll labelled UXUOGRIGHI.
  2593 | D:3      | 2593 ||| READING scroll labelled QUUTEV PINAO.
  2645 | D:4      | Found an iron altar of Okawaru.
  2647 | D:4      | 2647 ||| PLANNING OKAWARU WORSHIP
  2654 | D:4      | Became a worshipper of Warmaster Okawaru
  2654 | D:4      | 2654 ||| PLANNING D:1-11
  2712 | D:4      | Identified the +0 robe "Kengopry" {Regen+}
  2721 | D:4      | Reached XP level 6. HP: 15/37 MP: 6/6
  2760 | D:4      | 2760 ||| FLEEEEING.
  2839 | D:4      | 2839 ||| Stepping ~*~*~tactically~*~*~ (hiding).
  2841 | D:4      | 2841 ||| Stepping ~*~*~tactically~*~*~ (hiding).
  2842 | D:4      | 2842 ||| Stepping ~*~*~tactically~*~*~ (hiding).
  2843 | D:4      | 2843 ||| Stepping ~*~*~tactically~*~*~ (hiding).
  2856 | D:4      | 2856 ||| Stepping ~*~*~tactically~*~*~ (hiding).
  2857 | D:4      | 2857 ||| Stepping ~*~*~tactically~*~*~ (hiding).
  2859 | D:4      | 2859 ||| Stepping ~*~*~tactically~*~*~ (hiding).
  2863 | D:4      | Reached skill level 5 in Axes
  3145 | D:4      | 3145 ||| Stepping ~*~*~tactically~*~*~ (stealth).
  3148 | D:4      | 3148 ||| Stepping ~*~*~tactically~*~*~ (stealth).
  3149 | D:4      | 3149 ||| Stepping ~*~*~tactically~*~*~ (stealth).
  3150 | D:4      | 3150 ||| FLEEEEING.
  3154 | D:4      | 3154 ||| FLEEEEING.
  3155 | D:4      | 3155 ||| FLEEEEING.
  3156 | D:4      | 3156 ||| FLEEEEING.
  3157 | D:4      | 3157 ||| FLEEEEING.
  3158 | D:4      | 3158 ||| FLEEEEING.
  3159 | D:4      | 3159 ||| FLEEEEING.
  3160 | D:4      | 3160 ||| FLEEEEING.
  3161 | D:4      | 3161 ||| FLEEEEING.
  3162 | D:4      | 3162 ||| FLEEEEING.
  3163 | D:4      | 3163 ||| FLEEEEING.
  3164 | D:4      | 3164 ||| FLEEEEING.
  3165 | D:4      | 3165 ||| FLEEEEING.
  3183 | D:4      | 3183 ||| Stepping ~*~*~tactically~*~*~ (hiding).
  3381 | D:4      | 3381 ||| DRINKING 2 potions of curing.
  3381 | D:4      | 3381 ||| (to cure confusion)
  3419 | D:4      | Reached skill level 1 in Throwing
  3656 | D:4      | Found a stormy altar of Qazlal.
  3689 | D:4      | 3689 ||| UPGRADING to +0 pair of gloves.
  3694 | D:4      | 3694 ||| READING scroll labelled UQEUTT BADDO.
  3695 | D:4      | 3695 ||| READING scroll labelled ETSEXZ PAAHES.
  3696 | D:4      | 3696 ||| DRINKING 2 yellow potions.
  3727 | D:4      | 3727 ||| DRINKING 2 white potions.
  3728 | D:4      | 3728 ||| READING 2 scrolls of identify.
  3728 | D:4      | 3728 ||| IDENTIFYING glowing pink potion
  3729 | D:4      | 3729 ||| DROPPING potion of brilliance.
  3730 | D:4      | 3730 ||| DROPPING potion of berserk rage.
  3743 | D:5      | Entered Level 5 of the Dungeon
  3862 | D:5      | Noticed a +0 spear
  3863 | D:5      | Noticed a +0 spear
  3863 | D:5      | Noticed a +0 falchion
  3865 | D:5      | Noticed a +0 short sword
  3866 | D:5      | Noticed a +0 short sword
  3867 | D:5      | Noticed a +0 dagger
  3870 | D:5      | Noticed a +0 dagger
  3871 | D:5      | Found a hide-covered altar of Uskayaw.
  3871 | D:5      | Noticed a +0 falchion
  3954 | D:5      | 3954 ||| FLEEEEING.
  3955 | D:5      | 3955 ||| FLEEEEING.
  3960 | D:5      | 3960 ||| FLEEEEING.
  4007 | D:5      | Reached XP level 7. HP: 43/43 MP: 7/7
  4073 | D:5      | 4073 ||| Stepping ~*~*~tactically~*~*~ (hiding).
  4208 | D:5      | 4208 ||| Stepping ~*~*~tactically~*~*~ (hiding).
  4493 | D:5      | Found a staircase to the Ecumenical Temple.
  4504 | D:5      | 4504 ||| READING scroll labelled COH GUEBBY.
  4586 | D:6      | 4586 ||| Stepping ~*~*~tactically~*~*~ (hiding).
  4591 | D:6      | Reached * piety under Okawaru
  4707 | D:6      | 4707 ||| Stepping ~*~*~tactically~*~*~ (stealth).
  4713 | D:6      | 4713 ||| Stepping ~*~*~tactically~*~*~ (hiding).
  4722 | D:6      | Reached skill level 1 in Invocations
  4764 | D:6      | 4764 ||| Stepping ~*~*~tactically~*~*~ (hiding).
  4766 | D:6      | 4766 ||| Stepping ~*~*~tactically~*~*~ (hiding).
  4767 | D:6      | 4767 ||| Stepping ~*~*~tactically~*~*~ (hiding).
  4769 | D:6      | 4769 ||| INVOKING Heroism.
  4777 | D:6      | Reached skill level 6 in Axes
  4782 | D:6      | HP: 7/43 [orc priest/divine providence (7)]
  4783 | D:6      | 4783 ||| DRINKING 3 potions of heal wounds.
  4784 | D:6      | 4784 ||| INVOKING Heroism.
  4790 | D:6      | HP: 9/43 [orc priest/nerve-wracking pain (4)]
  4791 | D:6      | 4791 ||| DRINKING 2 potions of heal wounds.
  4944 | D:6      | 4944 ||| READING scroll of brand weapon.
  4944 | D:6      | 4944 ||| BRANDING +0 war axe of flaming.
  4988 | D:6      | Noticed Sigmund
  4989 | D:6      | 4989 ||| INVOKING Heroism.
  4990 | D:6      | 4990 ||| Stepping ~*~*~tactically~*~*~ (stealth).
  4994 | D:6      | Killed Sigmund
  4995 | D:6      | Reached skill level 6 in Shields
  4995 | D:6      | Reached skill level 3 in Invocations
  4995 | D:6      | Reached XP level 8. HP: 48/48 MP: 7/10
  5010 | D:6      | Reached skill level 1 in Dodging
  5107 | D:6      | 5107 ||| Stepping ~*~*~tactically~*~*~ (stealth).
  5109 | D:6      | 5109 ||| Stepping ~*~*~tactically~*~*~ (stealth).
  5257 | D:6      | 5257 ||| Stepping ~*~*~tactically~*~*~ (hiding).
  5267 | D:6      | Reached ** piety under Okawaru
  5343 | D:6      | 5343 ||| UPGRADING to +2 pair of boots.
  5348 | D:6      | 5348 ||| UPGRADING to amulet of regeneration.
  5353 | D:6      | 5353 ||| READING scroll labelled ROLUF QOHULATO.
  5354 | D:6      | 5354 ||| READING scroll labelled XOFINO SEUDERCH.
  5355 | D:6      | 5355 ||| READING 3 scrolls of identify.
  5355 | D:6      | 5355 ||| IDENTIFYING sedimented silvery potion
  5356 | D:6      | 5356 ||| READING 2 scrolls of identify.
  5356 | D:6      | 5356 ||| IDENTIFYING coppery potion
  5577 | D:7      | 5577 ||| INVOKING Heroism.
  5585 | D:7      | HP: 12/48 [gnoll/+0 halberd[a gnoll sergeant] (5)]
  5586 | D:7      | 5586 ||| READING scroll of teleportation.
  5609 | D:7      | 5609 ||| Stepping ~*~*~tactically~*~*~ (stealth).
  5649 | D:7      | 5649 ||| Stepping ~*~*~tactically~*~*~ (hiding).
  5666 | D:7      | Reached skill level 7 in Axes
  5688 | D:7      | 5688 ||| SWAPPING to +3 war axe.
  5689 | D:7      | 5689 ||| DROPPING +0 war axe of freezing.
  5963 | D:7      | 5963 ||| INVOKING Heroism.
  5967 | D:7      | Reached XP level 9. HP: 29/54 MP: 9/12
  5996 | D:7      | 5996 ||| SWAPPING to +4 war axe of freezing.
  5997 | D:7      | 5997 ||| DROPPING +3 war axe.
  6184 | D:7      | 6184 ||| READING 2 scrolls of identify.
  6184 | D:7      | 6184 ||| IDENTIFYING viscous emerald potion
  6291 | D:8      | Noticed Grum
  6292 | D:8      | 6292 ||| Stepping ~*~*~tactically~*~*~ (hiding).
  6295 | D:8      | 6295 ||| INVOKING Heroism.
  6298 | D:8      | Killed Grum
  6379 | D:8      | 6379 ||| Stepping ~*~*~tactically~*~*~ (stealth).
  6382 | D:8      | 6382 ||| Stepping ~*~*~tactically~*~*~ (hiding).
  6384 | D:8      | 6384 ||| INVOKING Heroism.
  6412 | D:8      | Found a white marble altar of Elyvilon.
  6481 | D:8      | Found a burning altar of Makhleb.
  6489 | D:8      | 6489 ||| INVOKING Heroism.
  6491 | D:8      | 6491 ||| Stepping ~*~*~tactically~*~*~ (cloud).
  6492 | D:8      | 6492 ||| Stepping ~*~*~tactically~*~*~ (cloud).
  6493 | D:8      | 6493 ||| Stepping ~*~*~tactically~*~*~ (cloud).
  6500 | D:8      | HP: 13/54 [something (8)]
  6501 | D:8      | Reached skill level 8 in Axes
  6601 | D:8      | Found a hazy altar of Hepliaklqana.
  6683 | D:8      | Found a basalt altar of Yredelemnul.
  6683 | D:8      | Found a glowing silver altar of Zin.
  6686 | D:8      | Found an opulent altar of Gozag.
  6784 | D:8      | Found a shimmering altar of Xom.
  6784 | D:8      | Found a shimmering blue altar of Sif Muna.
  6858 | D:8      | 6858 ||| READING scroll labelled WOGAMMO EPTEBE.
  6859 | D:8      | 6859 ||| READING 2 scrolls of identify.
  6859 | D:8      | 6859 ||| IDENTIFYING fizzy orange potion
  6860 | D:8      | 6860 ||| DROPPING potion of degeneration.
  6889 | D:9      | Found a shadowy altar of Dithmenos.
  6911 | D:9      | Reached *** piety under Okawaru
  6912 | D:9      | Reached skill level 6 in Fighting
  6932 | D:9      | 6932 ||| INVOKING Heroism.
  6939 | D:9      | Reached XP level 10. HP: 61/61 MP: 10/13
  6963 | D:9      | 6963 ||| Stepping ~*~*~tactically~*~*~ (hiding).
  7002 | D:9      | 7002 ||| DROPPING +0 flail.
  7003 | D:9      | 7003 ||| READING scroll of enchant armour.
  7003 | D:9      | 7003 ||| ENCHANTING +0 pair of gloves.
  7009 | D:9      | Found a staircase to the Orcish Mines.
  7015 | D:9      | 7015 ||| Stepping ~*~*~tactically~*~*~ (stealth).
  7018 | D:9      | 7018 ||| Stepping ~*~*~tactically~*~*~ (stealth).
  7024 | D:9      | 7024 ||| Stepping ~*~*~tactically~*~*~ (stealth).
  7035 | D:9      | Reached skill level 9 in Axes
  7036 | D:9      | Reached **** piety under Okawaru
  7039 | D:9      | Received a gift from Okawaru
  7060 | D:9      | 7060 ||| Stepping ~*~*~tactically~*~*~ (hiding).
  7064 | D:9      | 7064 ||| INVOKING Heroism.
  7135 | D:9      | 7135 ||| INVOKING Heroism.
  7294 | D:9      | 7294 ||| Stepping ~*~*~tactically~*~*~ (stealth).
  7297 | D:9      | 7297 ||| Stepping ~*~*~tactically~*~*~ (stealth).
  7299 | D:9      | 7299 ||| Stepping ~*~*~tactically~*~*~ (hiding).
  7300 | D:9      | 7300 ||| Stepping ~*~*~tactically~*~*~ (stealth).
  7339 | D:9      | 7339 ||| Stepping ~*~*~tactically~*~*~ (stealth).
  7340 | D:9      | 7340 ||| Stepping ~*~*~tactically~*~*~ (stealth).
  7370 | D:9      | 7370 ||| INVOKING Heroism.
  7434 | D:9      | 7434 ||| Stepping ~*~*~tactically~*~*~ (hiding).
  7437 | D:9      | 7437 ||| Stepping ~*~*~tactically~*~*~ (hiding).
  7527 | D:9      | 7527 ||| Stepping ~*~*~tactically~*~*~ (stealth).
  7536 | D:9      | 7536 ||| Stepping ~*~*~tactically~*~*~ (stealth).
  7722 | D:9      | Noticed Harold
  7723 | D:9      | 7723 ||| INVOKING Heroism.
  7725 | D:9      | Reached skill level 9 in Shields
  7733 | D:9      | Killed Harold
  7745 | D:9      | 7745 ||| Stepping ~*~*~tactically~*~*~ (stealth).
  7747 | D:9      | 7747 ||| Stepping ~*~*~tactically~*~*~ (stealth).
  7767 | D:9      | Identified the +2 ring mail of the Untouchables {Harm
                  | +Blink rF-}
  7821 | D:9      | Reached skill level 6 in Invocations
  8110 | D:9      | 8110 ||| UPGRADING to +0 plate armour.
  8120 | D:9      | 8120 ||| DROPPING +0 chain mail.
  8121 | D:9      | 8121 ||| READING scroll labelled URGHUJ FYAXO.
  8121 | D:9      | Identified a scroll of acquirement
  8121 | D:9      | 8121 ||| ACQUIRING +0 cloak "Surat" {Int+5}
  8121 | D:9      | Acquired the +0 cloak "Surat" {Int+5}
  8123 | D:9      | 8123 ||| UPGRADING to +0 cloak "Surat" {Int+5}.
  8128 | D:9      | 8128 ||| READING 3 scrolls of identify.
  8128 | D:9      | 8128 ||| IDENTIFYING gluggy blue potion
  8132 | D:10     | Entered Level 10 of the Dungeon
  8221 | D:10     | 8221 ||| INVOKING Heroism.
  8231 | D:10     | Reached XP level 11. HP: 54/67 MP: 13/15
  8272 | D:10     | Found a staircase to the Lair.
  8278 | D:10     | 8278 ||| INVOKING Heroism.
  8395 | D:10     | Noticed a two-headed ogre
  8396 | D:10     | 8396 ||| INVOKING Heroism.
  8407 | D:10     | Killed a two-headed ogre
  8408 | D:10     | Reached skill level 6 in Armour
  8449 | D:10     | 8449 ||| INVOKING Heroism.
  8451 | D:10     | 8451 ||| Stepping ~*~*~tactically~*~*~ (stealth).
  8714 | D:10     | 8714 ||| Stepping ~*~*~tactically~*~*~ (stealth).
  8714 | D:10     | Found a shimmering altar of Xom.
  8715 | D:10     | 8715 ||| Stepping ~*~*~tactically~*~*~ (stealth).
  8715 | D:10     | Found the +7 mace of Variability {chaos, chaos arc}
  8728 | D:10     | 8728 ||| INVOKING Heroism.
  8730 | D:10     | HP: 14/67 [wraith (8)]
  8731 | D:10     | 8731 ||| READING 2 scrolls of teleportation.
  8732 | D:10     | 8732 ||| DRINKING potion of heal wounds.
  8816 | D:10     | Reached skill level 10 in Axes
  8972 | D:10     | 8972 ||| PLANNING LAIR
  8972 | D:10     | 8972 ||| READING scroll labelled APRU SOUTERYSM.
  8973 | D:10     | 8973 ||| READING scroll labelled HUM WASOODUNT.
  8974 | D:10     | 8974 ||| READING 3 scrolls of identify.
  8974 | D:10     | 8974 ||| IDENTIFYING clear potion
  8975 | D:10     | 8975 ||| DROPPING potion of flight.
  9032 | Lair:1   | Entered Level 1 of the Lair of Beasts
  9345 | Lair:1   | Noticed Gastronok
  9346 | Lair:1   | 9346 ||| Stepping ~*~*~tactically~*~*~ (stealth).
  9360 | Lair:1   | 9360 ||| INVOKING Heroism.
  9367 | Lair:1   | 9367 ||| Stepping ~*~*~tactically~*~*~ (hiding).
  9382 | Lair:1   | HP: 9/67 [Gastronok/the air (30)]
  9383 | Lair:1   | 9383 ||| READING 4 scrolls of teleportation.
  9400 | Lair:1   | 9400 ||| FLEEEEING.
  9401 | Lair:1   | 9401 ||| FLEEEEING.
  9402 | Lair:1   | 9402 ||| FLEEEEING.
  9421 | Lair:1   | 9421 ||| INVOKING Heroism.
  9428 | Lair:1   | Killed Gastronok
  9632 | Lair:1   | 9632 ||| INVOKING Heroism.
  9870 | Lair:1   | 9870 ||| UPGRADING to +1 hat of willpower.
  9875 | Lair:1   | 9875 ||| UPGRADING to ring of protection from cold.
  9876 | Lair:1   | 9876 ||| READING 4 scrolls of identify.
  9876 | Lair:1   | 9876 ||| IDENTIFYING black potion
  9929 | Lair:2   | 9929 ||| INVOKING Heroism.
  9974 | Lair:2   | 9974 ||| INVOKING Heroism.
  9985 | Lair:2   | Reached skill level 9 in Invocations
 10057 | Lair:2   | Reached ***** piety under Okawaru
 10063 | Lair:2   | 10063 ||| INVOKING Heroism.
 10122 | Lair:2   | 10122 ||| INVOKING Heroism.
 10124 | Lair:2   | Reached XP level 12. HP: 60/73 MP: 16/19
 10163 | Lair:2   | Noticed a boulder beetle
 10164 | Lair:2   | 10164 ||| INVOKING Heroism.
 10165 | Lair:2   | 10165 ||| INVOKING Finesse.
 10182 | Lair:2   | Killed a boulder beetle
 10248 | Lair:2   | Reached skill level 11 in Axes
 10297 | Lair:2   | Found a staircase to the Snake Pit.
 10321 | Lair:2   | Received a gift from Okawaru
 10322 | Lair:2   | Reached skill level 3 in Throwing
 10350 | Lair:2   | Noticed Sonja
 10351 | Lair:2   | 10351 ||| INVOKING Finesse.
 10369 | Lair:2   | Killed Sonja
 10413 | Lair:2   | 10413 ||| INVOKING Heroism.
 10526 | Lair:2   | Found a runed translucent door.
 10527 | Lair:2   | Identified the +4 trident of the Howling Gods {flame,
                  | Str+2}
 10530 | Lair:2   | Noticed qw's ghost (journeyman GrFi)
 10547 | Lair:2   | 10547 ||| INVOKING Heroism.
 10771 | Lair:2   | 10771 ||| READING scroll labelled CAMEFO RUMACHOY.
 10814 | Lair:3   | 10814 ||| Stepping ~*~*~tactically~*~*~ (stealth).
 10815 | Lair:3   | 10815 ||| Stepping ~*~*~tactically~*~*~ (stealth).
 10816 | Lair:3   | 10816 ||| Stepping ~*~*~tactically~*~*~ (stealth).
 10841 | Lair:3   | 10841 ||| INVOKING Heroism.
 10852 | Lair:3   | Reached skill level 9 in Fighting
 10887 | Lair:3   | 10887 ||| FLEEEEING.
 10907 | Lair:3   | 10907 ||| INVOKING Heroism.
 11032 | Lair:3   | 11032 ||| Stepping ~*~*~tactically~*~*~ (stealth).
 11034 | Lair:3   | 11034 ||| INVOKING Heroism.
 11056 | Lair:3   | Noticed an eight-headed hydra
 11063 | Lair:3   | 11063 ||| SWAPPING to +3 flail.
 11064 | Lair:3   | 11064 ||| Stepping ~*~*~tactically~*~*~ (water).
 11065 | Lair:3   | HP: 13/76 [eight-headed hydra (8)]
 11066 | Lair:3   | 11066 ||| READING 4 scrolls of teleportation.
 11067 | Lair:3   | 11067 ||| DRINKING potion of heal wounds.
 11070 | Lair:3   | HP: 10/76 [eight-headed hydra (7)]
 11070 | Lair:3   | Slain by an eight-headed hydra

Levels and vault maps discovered:
D:1:      eino_arrival_cavern_e, layout_loops_corners, hangedman_decor_opposing
D:2:      layout_basic, minmay_worlds_worst_comb, uniq_natasha
D:3:      layout_basic, gammafunk_ghost_necromancy
D:4:      layout_gridville, old_standard_altar, nicolae_qazlal_eye_of_the_storm,
          hangedman_decor_clover_reticule, kennysheep_generic_room_7
D:5:      layout_basic, nicolae_uskayaw_en_pointe, temple_fountains,
          minmay_misc_feat_four_crosses
D:6:      lemuel_ice_spiral_2, layout_rooms, dk_noncrumbling_4,
          nicolae_figureground_pulse, uniq_sigmund
D:7:      layout_gridville
D:8:      layout_rooms, mainiacjoe_overflow_alcove_4,
          gammafunk_temple_overflow_wave, nicolae_elyvilon_peaceful_grove,
          minitemple, mainiacjoe_overflow_tiny_flanked, uniq_grum
D:9:      layout_stronghold, grunt_dithmenos_smoke_and_mirrors,
          david_orc_1_choice, uniq_harold
D:10:     layout_basic, erik_lair_orcish_takeover,
          minmay_guarded_unrand_variability
Lair:1:   layout_gridlike, st_stairs_4, minmay_holes, uniq_gastronok
Lair:2:   layout_hall_layers, minmay_snake_entry_spellcaster,
          ebering_ghost_funeral_grove, infiniplex_staircase_pool_2, uniq_sonja
Lair:3:   layout_layer_cave, palyth_hydra_swamp_entry, grunt_megastairs_5

Skill      XL: |  1  2  3  4  5  6  7  8  9 10 11 12 |
---------------+-------------------------------------+-----
Axes           | 2 3 4 5 6 7 8 9 10 11 | 11.9
Shields        | 4 5 6 8 9 10 | 10.1
Throwing       | 1 2 3 |  3.1
Fighting       | 4 5 6 7 8 9 |  9.1
Invocations    | 3 4 6 10 | 10.0
Dodging        | 1 |  1.1
Armour         | 4 5 7 8 |  8.1

Action                     |  1- 3 |  4- 6 |  7- 9 | 10-12 || total
---------------------------+-------+-------+-------+-------++-------
  Melee: War axe           |    83 |   163 |   200 |   389 ||   835
         Flail             |       |       |       |     4 ||     4
  Throw: Boomerang         |       |     9 |    11 |    91 ||   111
         Javelin           |       |       |    23 |    55 ||    78
 Invoke: Heroism           |       |       |     9 |    22 ||    31
         Finesse           |       |       |       |     2 ||     2
    Use: Scroll            |     1 |     8 |    10 |    11 ||    30
         Potion            |       |     5 |     2 |     2 ||     9
 Armour: Scale mail        |    42 |     5 |       |       ||    47
         Chain mail        |       |    92 |   119 |    55 ||   266
         Plate armour      |       |       |       |   180 ||   180
  Dodge: Dodged            |    28 |    30 |    64 |    90 ||   212
  Block: Buckler           |     9 |     3 |       |       ||    12
         Kite shield       |       |    51 |   113 |   225 ||   389

Table legend:
 A = Non-vault XP
 B = Vault XP
 C = Vault XP percentage of total XP
 D = Non-vault monster count
 E = Vault monster count
 F = Vault count percentage of total count
                 A         B        C        D         E       F
            +---------+---------+-------+---------+---------+-------
      Total |   22462 |    7011 |  23.8 |     246 |      41 |  14.3
            +---------+---------+-------+---------+---------+-------
        D:1 |      48 |       0 |   0.0 |      29 |       0 |   0.0
        D:2 |      81 |      41 |  33.6 |      12 |       4 |  25.0
        D:3 |      56 |       0 |   0.0 |      11 |       0 |   0.0
        D:4 |     359 |       5 |   1.4 |      29 |       3 |   9.4
        D:5 |     147 |       0 |   0.0 |       6 |       0 |   0.0
        D:6 |     655 |     239 |  26.7 |      21 |       1 |   4.5
        D:7 |     836 |       0 |   0.0 |      15 |       0 |   0.0
        D:8 |     786 |     541 |  40.8 |      10 |       4 |  28.6
        D:9 |    3640 |    1264 |  25.8 |      51 |      10 |  16.4
       D:10 |    1511 |    1161 |  43.5 |      14 |      12 |  46.2
     Lair:1 |     561 |    1864 |  76.9 |       5 |       2 |  28.6
     Lair:2 |    8461 |    1236 |  12.7 |      30 |       2 |   6.2
     Lair:3 |    5321 |     660 |  11.0 |      13 |       3 |  18.8
            +---------+---------+-------+---------+---------+-------
